[Event "Titled Tuesday Blitz June 14 Late 2022"]
[White "Tanenbaum, Zachary"]
[Black "Yurasova, Daria"]
[WhiteFideId "2060850"]
[BlackFideId "34146919"]
[WhiteElo "2175"]
[BlackElo "2021"]
[Result "1-0"]
[Round "01"]
[TimeControl "180+1"]
[Date "2022.06.15"]
[WhiteClock "0:00:45"]
[BlackClock "0:00:16"]

1. e4 e5 2. Nf3 Nc6 3. Bc4 Bc5 4. c3 Nf6 5. d3 d6 6. Bd2 a6 7. a4 h6 8. Be3 Bg4 9. Bxc5 dxc5 10. Nbd2 O-O 11. h3 Be6 12. Bxe6 fxe6 13. Qe2 Nh5 14. g3 b5 15. O-O Qd6 16. Rfd1 Rad8 17. Nb3 Rf7 18. Nh4 Nf6 19. Qe3 Nd7 20. axb5 axb5 21. Ra6 Rdf8 22. Ng6 Rb8 23. d4 c4 24. Na5 Nb6 25. Nxc6 Qxc6 26. Nxe5 Qb7 27. Ra5 Rf6 28. Rxb5 Rbf8 29. Nd7 Rxf2 30. Nxf8 Rxf8 31. Ra5 Qc8 32. Rf1 Re8 33. Qf3 Qd7 34. Ra7 e5 35. d5 Qxh3 36. Rxc7 Nd7 37. g4 Qxf3 38. Rxf3 Nf6 39. Rxf6 gxf6 40. d6 Rd8 41. d7 Kf7 42. Kg2 Ke7 43. Kg3 Rb8 44. Rc8 1-0


[Site "https://www.chess.com"]

[Event "Titled Tuesday Blitz June 14 Late 2022"]
[White "Terry, Renato"]
[Black "Krstulovic, Alex"]
[WhiteFideId "3803457"]
[BlackFideId "760056"]
[WhiteElo "2577"]
[BlackElo "2193"]
[Result "1-0"]
[Round "01"]
[TimeControl "180+1"]
[Date "2022.06.14"]
[WhiteClock "0:02:47"]
[BlackClock "0:02:45"]

1. e4 c5 2. Nf3 e6 3. Nc3 Nc6 4. Bb5 Nge7 5. O-O a6 6. Bxc6 Nxc6 7. d4 cxd4 8. Nxd4 Bc5 9. Nxc6 bxc6 10. e5 Qh4 11. Qf3 O-O 12. Ne4 Bd4 13. Bg5 1-0


[Site "https://www.chess.com"]

[Event "Titled Tuesday Blitz June 14 Late 2022"]
[White "Tifferet, Shaked"]
[Black "Nakamura, Hikaru"]
[WhiteFideId "2811529"]
[BlackFideId "2016192"]
[WhiteElo "2083"]
[BlackElo "2850"]
[Result "0-1"]
[Round "01"]
[TimeControl "180+1"]
[Date "2022.06.14"]
[WhiteClock "0:00:03"]
[BlackClock "0:01:35"]

1. e4 g6 2. d4 Bg7 3. Nc3 a6 4. Be3 b5 5. Bd3 Bb7 6. Nf3 d6 7. Qd2 Nd7 8. h4 Ngf6 9. e5 Ng4 10. Bf4 dxe5 11. dxe5 Ndxe5 12. Nxe5 Nxe5 13. Bxe5 Bxe5 14. h5 Qd6 15. hxg6 hxg6 16. Rxh8+ Bxh8 17. O-O-O O-O-O 18. f3 Be5 19. Kb1 Kb8 20. Ne4 Qb6 21. Qe2 Bg7 22. c3 e5 23. Ng5 f5 24. g4 Qf6 25. Nh3 fxg4 26. fxg4 Bf3 27. g5 Qf8 28. Rf1 Bxe2 29. Rxf8 Bxd3+ 0-1


[Site "https://www.chess.com"]

[Event "Titled Tuesday Blitz June 14 Late 2022"]
[White "Titichoca Daza, Daniel"]
[Black "Rustemov, Alexander"]
[WhiteFideId "3309550"]
[BlackFideId "4119002"]
[WhiteElo "1912"]
[BlackElo "2793"]
[Result "0-1"]
[Round "01"]
[TimeControl "180+1"]
[Date "2022.06.15"]
[WhiteClock "0:00:24"]
[BlackClock "0:00:42"]

1. Nf3 d5 2. c4 c6 3. e3 Nf6 4. Nc3 a6 5. d4 b5 6. b3 Bg4 7. Be2 e6 8. O-O Bd6 9. Bb2 Nbd7 10. h3 Bf5 11. Nh4 Bg6 12. Nxg6 hxg6 13. f4 b4 14. Na4 g5 15. Rc1 Ne4 16. cxd5 cxd5 17. f5 Ng3 18. fxe6 fxe6 19. Rf3 g4 20. Rxg3 Bxg3 21. Bxg4 Qf6 22. Rc6 O-O 23. Bxe6+ Rf7 24. Bxf7+ Qxf7 25. Qf3 Qxf3 26. gxf3 Re8 27. Kg2 Bh4 28. Nc5 Rxe3 29. Nxd7 Re2+ 30. Kf1 Rxb2 31. Ne5 Rxa2 32. Rd6 Ra3 33. Rxd5 Rxb3 34. Ra5 Ra3 35. Rc5 b3 36. Nc4 Ra1+ 37. Ke2 Bf6 38. Kd3 Rd1+ 39. Nd2 b2 0-1


[Site "https://www.chess.com"]

[Event "Titled Tuesday Blitz June 14 Late 2022"]
[White "Toncheva, Nadya"]
[Black "Xiong, Jeffery"]
[WhiteFideId "2924056"]
[BlackFideId "2047640"]
[WhiteElo "1888"]
[BlackElo "2714"]
[Result "0-1"]
[Round "01"]
[TimeControl "180+1"]
[Date "2022.06.14"]
[WhiteClock "0:00:04"]
[BlackClock "0:01:08"]

1. e4 c5 2. Nf3 d6 3. d4 cxd4 4. Nxd4 Nf6 5. f3 Nc6 6. c4 e6 7. Be3 Be7 8. Nc3 O-O 9. Be2 d5 10. exd5 exd5 11. Nxc6 bxc6 12. O-O Re8 13. cxd5 Bd6 14. Bf2 Nxd5 15. Ne4 Be5 16. Qc2 Bf5 17. Qxc6 Rc8 18. Qa4 Bxe4 19. fxe4 Nf4 20. Bf3 Qg5 21. Bg3 Bxb2 22. Rae1 Nd3 23. Re2 Be5 24. Bxe5 Nxe5 25. Qxa7 Rc3 26. Ref2 h5 27. Qd4 Rd3 28. Qa4 Red8 29. Be2 Rd2 30. Qa6 Qe3 31. Kh1 Nd3 32. Rxf7 Qg5 33. Bf3 Nf2+ 34. Kg1 Qc5 35. h3 Kxf7 36. Bxh5+ Qxh5 37. Qa7+ Kg8 38. Rxf2 Rxf2 39. Qxf2 Rd1+ 40. Kh2 Qe5+ 41. g3 Qxe4 0-1


[Site "https://www.chess.com"]

[Event "Titled Tuesday Blitz June 14 Late 2022"]
[White "Vasquez Schroeder, Rodrigo"]
[Black "Estrada Nieto, Julian"]
[WhiteFideId "3400042"]
[BlackFideId "5101018"]
[WhiteElo "2567"]
[BlackElo "2252"]
[Result "1-0"]
[Round "01"]
[TimeControl "180+1"]
[Date "2022.06.15"]
[WhiteClock "0:01:42"]
[BlackClock "0:00:01"]

1. e4 e5 2. Nf3 Nc6 3. Bc4 Bc5 4. c3 Nf6 5. d3 d6 6. Bb3 a6 7. h3 Ba7 8. Nbd2 h6 9. Nf1 Be6 10. Ng3 d5 11. Qe2 Qd7 12. Be3 d4 13. Bxe6 fxe6 14. cxd4 Bxd4 15. O-O O-O 16. Rac1 Rad8 17. Rfd1 Rf7 18. a3 Qd6 19. b4 Rdf8 20. Rc4 Bxe3 21. fxe3 Nd7 22. Rdc1 Nb6 23. R4c3 Rd7 24. Rd1 Na4 25. Rcc1 a5 26. Qc2 Nb6 27. b5 Na7 28. Qc5 Qxc5 29. Rxc5 Na4 30. Rxe5 Rd6 31. d4 Nc3 32. Rc1 Ncxb5 33. a4 Na3 34. Rc3 Nb1 35. Rxc7 Rb6 36. Nh5 Nc6 37. Rxg7+ 1-0


[Site "https://www.chess.com"]

[Event "Titled Tuesday Blitz June 14 Late 2022"]
[White "Vivas Zamora, Fabian Ernesto"]
[Black "Sarana, Alexey"]
[WhiteFideId "3902480"]
[BlackFideId "24133795"]
[WhiteElo "2014"]
[BlackElo "2666"]
[Result "0-1"]
[Round "01"]
[TimeControl "180+1"]
[Date "2022.06.14"]
[WhiteClock "0:00:02"]
[BlackClock "0:00:57"]

1. c4 e6 2. Nf3 d5 3. b3 c5 4. cxd5 exd5 5. e3 Nf6 6. Bb2 Nc6 7. Bb5 Bd6 8. O-O O-O 9. d4 a6 10. Bxc6 bxc6 11. dxc5 Bxc5 12. Nc3 Bg4 13. h3 Bh5 14. Rc1 Bd6 15. Na4 Rc8 16. Qd4 Bxf3 17. gxf3 Re8 18. Rc2 c5 19. Qh4 Re6 20. f4 d4 21. exd4 cxd4 22. Rxc8 Qxc8 23. Bxd4 Nd5 24. f5 Rh6 25. Qg5 Nf6 26. Rc1 Qe8 27. Bxf6 Rxf6 28. Rc3 h6 29. Qg4 Qe5 30. Rg3 Rxf5 31. Rg2 Qe1# 0-1


[Site "https://www.chess.com"]

[Event "Titled Tuesday Blitz June 14 Late 2022"]
[White "Yoo, Christopher Woojin"]
[Black "Donskov, Anatoly"]
[WhiteFideId "30909694"]
[BlackFideId "24143413"]
[WhiteElo "2105"]
[BlackElo "2219"]
[Result "1-0"]
[Round "01"]
[TimeControl "180+1"]
[Date "2022.06.14"]
[WhiteClock "0:00:13"]
[BlackClock "0:00:09"]

1. Nf3 d5 2. g3 c5 3. Bg2 Nc6 4. d4 e6 5. O-O Nf6 6. c4 cxd4 7. Nxd4 Be7 8. Nc3 O-O 9. cxd5 exd5 10. b3 Bg4 11. h3 Be6 12. Bb2 Rc8 13. Nxe6 fxe6 14. e3 a6 15. Qe2 Bd6 16. Rfd1 Qe7 17. Rac1 Ba3 18. Na4 Bxb2 19. Qxb2 Nd7 20. a3 Qf6 21. Qe2 Nce5 22. f4 Nc6 23. b4 Rce8 24. e4 Kh8 25. exd5 exd5 26. Qg4 Qe7 27. Nc3 Qe3+ 28. Kh2 Nf6 29. Qf3 Qxf3 30. Bxf3 Re3 31. Bxd5 Nxd5 32. Rxd5 Rc8 33. Rd2 h6 34. Re2 Rd3 35. Ne4 Rxa3 36. Nd6 Rc7 37. b5 Rd3 38. Re6 axb5 39. Nxb5 Rd2+ 40. Kg1 Rcd7 41. Re3 Rd1+ 42. Rxd1 Rxd1+ 43. Kf2 Rd2+ 44. Kf3 Nd4+ 45. Nxd4 Rxd4 46. Rb3 Rd7 47. Rb6 Rc7 48. f5 Kg8 49. Kg4 Kf7 50. Kh5 Rd7 51. g4 Rc7 52. h4 Rd7 53. g5 hxg5 54. hxg5 Rc7 55. g6+ Kg8 56. Rd6 Rc8 57. Kg5 Rb8 58. Rb6 Kf8 59. Kf4 Kg8 60. Ke5 Kf8 61. Ke6 Kg8 62. Ke7 Kh8 63. f6 gxf6 64. Kf7 f5 65. Rb1 1-0


[Site "https://www.chess.com"]

[Event "Titled Tuesday Blitz June 14 Late 2022"]
[White "Yuan, Qingyu"]
[Black "Wachinger, Guenther"]
[WhiteFideId "8609772"]
[BlackFideId "4604261"]
[WhiteElo "2359"]
[BlackElo "2212"]
[Result "1/2-1/2"]
[Round "01"]
[TimeControl "180+1"]
[Date "2022.06.15"]
[WhiteClock "0:00:04"]
[BlackClock "0:00:06"]

1. e4 c5 2. Nf3 d6 3. Bb5+ Bd7 4. c4 Nf6 5. Nc3 g6 6. Bxd7+ Nbxd7 7. O-O Bg7 8. d3 O-O 9. h3 a6 10. Be3 Rb8 11. d4 cxd4 12. Nxd4 Rc8 13. Qe2 Qc7 14. Rac1 Qxc4 15. Nd5 Qxe2 16. Nxe7+ Kh8 17. Nxe2 Rxc1 18. Rxc1 Nxe4 19. b3 Ndc5 20. Nd5 f5 21. f3 Nf6 22. Nxf6 Bxf6 23. Bxc5 dxc5 24. Rxc5 Rd8 25. Kf1 Rd1+ 26. Kf2 Rd2 27. Rc8+ Kg7 28. a4 Bd4+ 29. Ke1 Be3 30. Rc7+ Kh6 31. Rxb7 f4 32. h4 Ra2 33. Kd1 Rd2+ 34. Ke1 Ra2 35. Rd7 Ra1+ 36. Rd1 Bf2+ 37. Kd2 Be3+ 38. Kc2 Ra2+ 39. Kd3 Rb2 40. Nd4 Bxd4 41. Kxd4 Rxb3 42. Ke4 Rb4+ 43. Rd4 Rxd4+ 44. Kxd4 Kh5 45. Ke4 Kxh4 46. Kxf4 a5 47. g4 h5 48. g5 Kh3 49. Ke5 Kg3 50. f4 h4 51. f5 h3 52. fxg6 h2 53. g7 h1=Q 54. g8=Q Qa1+ 55. Kf5 Qxa4 56. Qb8+ Kh3 57. g6 Qg4+ 58. Kf6 a4 59. g7 Qf3+ 60. Kg6 Qg4+ 61. Kf7 Qf5+ 62. Ke7 Qe4+ 63. Kf6 Qf3+ 64. Ke6 Qg4+ 65. Kf6 Qf3+ 1/2-1/2


[Site "https://www.chess.com"]

[Event "Titled Tuesday Blitz June 14 Late 2022"]
[White "Zakhartsov, Vladimir"]
[Black "Keller, Peter"]
[WhiteFideId "4145097"]
[BlackFideId "1272105"]
[WhiteElo "2490"]
[BlackElo "2275"]
[Result "1-0"]
[Round "01"]
[TimeControl "180+1"]
[Date "2022.06.14"]
[WhiteClock "0:00:28"]
[BlackClock "0:00:17"]

1. d4 Nf6 2. c4 e6 3. Nc3 Bb4 4. e3 O-O 5. Nf3 d5 6. Bd2 Re8 7. Rc1 c6 8. Bd3 Nbd7 9. O-O h6 10. Re1 dxc4 11. Bxc4 b5 12. Bd3 Bb7 13. a3 Bd6 14. b4 a5 15. Ne4 Nxe4 16. Bxe4 axb4 17. axb4 Qb6 18. Bb1 Ra4 19. Qc2 g6 20. h4 h5 21. Ng5 Bxb4 22. Nxf7 Kxf7 23. Qxg6+ Ke7 24. Qg5+ Kd6 25. Bxb4+ Rxb4 26. Qxh5 Re7 27. Qg5 Rc4 28. Qg3+ e5 29. dxe5+ Rxe5 30. Rcd1+ Kc7 31. Rxd7+ Kxd7 32. Qxe5 1-0


[Site "https://www.chess.com"]

[Event "Titled Tuesday Blitz June 14 Late 2022"]
[White "Zherebtsova, Alexandra"]
[Black "Guzman, Christopher"]
[WhiteFideId "24129518"]
[BlackFideId "6405096"]
[WhiteElo "2025"]
[BlackElo "2244"]
[Result "1-0"]
[Round "01"]
[TimeControl "180+1"]
[Date "2022.06.15"]
[WhiteClock "0:00:11"]
[BlackClock "0:00:09"]

1. d4 Nf6 2. Nf3 e6 3. c4 b6 4. g3 Bb7 5. Bg2 Be7 6. O-O O-O 7. b3 a5 8. a3 d5 9. Bb2 Nbd7 10. Nbd2 Rc8 11. cxd5 exd5 12. Ne5 Bd6 13. e3 Qe7 14. Nec4 Ne4 15. Nxd6 Qxd6 16. Rc1 Rfe8 17. Nxe4 dxe4 18. Qc2 f5 19. Rfd1 Bd5 20. Bf1 Nf6 21. Bb5 c6 22. Be2 Qe6 23. Bc4 Re7 24. b4 axb4 25. axb4 Rec7 26. Ba6 Ra8 27. Qe2 Rca7 28. b5 h6 29. Rd2 Kh7 30. Rdc2 Qe7 31. Rc3 Qf7 32. Qd1 Qc7 33. Rxc6 Bxc6 34. Rxc6 Qd7 35. Qc2 Nd5 36. Ba3 Rc7 37. Kg2 Raa7 38. h4 Rxc6 39. bxc6 Qc7 40. Qc4 Ne7 41. d5 Nxd5 42. Qxd5 Rxa6 43. Qxf5+ g6 44. Qd7+ Qxd7 45. cxd7 Ra8 46. Be7 1-0


[Site "https://www.chess.com"]

[Event "Titled Tuesday Blitz June 14 Late 2022"]
[White "Zhou, Qiyu"]
[Black "Lashkin, Jegor"]
[WhiteFideId "505161"]
[BlackFideId "13907808"]
[WhiteElo "1925"]
[BlackElo "2368"]
[Result "0-1"]
[Round "01"]
[TimeControl "180+1"]
[Date "2022.06.15"]
[WhiteClock "0:00:02"]
[BlackClock "0:00:08"]

1. e4 c5 2. Nf3 d6 3. d4 cxd4 4. Nxd4 Nf6 5. Nc3 a6 6. Bg5 e6 7. Qd2 h6 8. Be3 Ng4 9. O-O-O Nxe3 10. Qxe3 Nc6 11. Kb1 Be7 12. f4 O-O 13. g4 Qb6 14. Qg1 Nxd4 15. Qxd4 Qxd4 16. Rxd4 b5 17. Bg2 Bb7 18. h4 g5 19. hxg5 hxg5 20. f5 Kg7 21. Rd3 Rh8 22. Rdh3 Rxh3 23. Rxh3 Bf6 24. Ne2 exf5 25. gxf5 Be5 26. Rh5 f6 27. c3 Re8 28. Kc2 a5 29. Kd3 b4 30. Nd4 bxc3 31. bxc3 Ba6+ 32. Ke3 Bc4 33. a3 Bf4+ 34. Kf2 Bc1 35. a4 Bd2 36. Ne2 Bb3 37. Nd4 Bc4 38. Ne2 d5 39. Rh2 dxe4 40. Nd4 e3+ 41. Kg3 e2 0-1


[Site "https://www.chess.com"]

[Event "Titled Tuesday Blitz June 14 Late 2022"]
[White "Zhurbinsky, David"]
[Black "Wang, Isaac"]
[WhiteFideId "2072904"]
[BlackFideId "30977185"]
[WhiteElo "2561"]
[BlackElo "2199"]
[Result "0-1"]
[Round "01"]
[TimeControl "180+1"]
[Date "2022.06.15"]
[WhiteClock "0:00:19"]
[BlackClock "0:00:29"]

1. e4 c5 2. Nf3 Nc6 3. c4 d6 4. d4 cxd4 5. Nxd4 Nf6 6. Nc3 e5 7. Nc2 Be7 8. Be2 O-O 9. Be3 Be6 10. O-O a6 11. Rc1 Qd7 12. f3 Rad8 13. b3 Ne8 14. Qd2 f5 15. exf5 Bxf5 16. Nd5 Nf6 17. Nb6 Qe6 18. Bf2 Kh8 19. Ne3 Bg6 20. Ned5 Nb8 21. Nc7 Qf7 22. Rcd1 Nbd7 23. Nbd5 Nxd5 24. cxd5 Rc8 25. Ne6 Rfe8 26. Rc1 Nf8 27. Nc7 Red8 28. f4 Rd7 29. Bg4 Bf5 30. Bxf5 Qxf5 31. fxe5 Rdxc7 32. Rxc7 Rxc7 33. Bb6 Qc2 34. Qf4 Rc8 35. exd6 Bf6 36. Bc7 Qc5+ 37. Kh1 Qxd5 38. Qg4 Qe6 39. Qf3 Qd7 40. Qxb7 Ne6 41. Qxa6 Nxc7 42. dxc7 Qxc7 43. Qe6 h6 44. Re1 Qc1 45. h3 Qc7 46. Qf5 Rd8 47. a4 Qc3 48. Rb1 Re8 49. Qf2 Bd4 50. Qh4 Bf6 51. Qf2 Qd3 52. Rf1 Re2 53. Qf4 Qxb3 54. Qg4 Qe6 55. Qg6 Re1 56. Rg1 Rxg1+ 57. Kxg1 Qe1+ 58. Kh2 Be5+ 59. g3 Qf2+ 60. Kh1 Qxg3 61. Qxg3 Bxg3 62. a5 Bb8 63. a6 Ba7 64. Kg2 Kg8 65. Kf3 Kf7 66. Ke4 Ke6 67. h4 g5 68. h5 Kf6 69. Kf3 Kf5 70. Kg3 g4 71. Kh4 Bb8 72. a7 Bxa7 73. Kg3 Kg5 74. Kg2 Kxh5 75. Kg3 Kg5 76. Kg2 h5 77. Kg3 h4+ 78. Kg2 Kf4 79. Kh2 g3+ 80. Kg2 Kg4 81. Kh1 Bg1 82. Kg2 h3+ 83. Kh1 g2+ 84. Kxg1 Kf3 85. Kh2 Kf2 86. Kxh3 g1=Q 87. Kh4 Kf3 88. Kh5 Kf4 89. Kh6 Kf5 90. Kh5 Qh1# 0-1


[Site "https://www.chess.com"]

[Event "Titled Tuesday Blitz June 14 Late 2022"]
[White "Zierk, Steven"]
[Black "Omariev, Maksim"]
[WhiteFideId "2034255"]
[BlackFideId "4193423"]
[WhiteElo "2494"]
[BlackElo "2492"]
[Result "1-0"]
[Round "01"]
[TimeControl "180+1"]
[Date "2022.06.14"]
[WhiteClock "0:01:03"]
[BlackClock "0:00:01"]

1. b3 d5 2. Bb2 c5 3. e3 Nf6 4. Nf3 Nc6 5. Bb5 Bd7 6. c4 a6 7. Bxc6 Bxc6 8. Ne5 Rc8 9. O-O e6 10. d3 Bd6 11. Nd2 O-O 12. f4 b5 13. Ndf3 Ba8 14. cxb5 axb5 15. a4 bxa4 16. bxa4 c4 17. Ba3 cxd3 18. Qxd3 Ne4 19. Rfc1 Qa5 20. Nd7 Rxc1+ 21. Rxc1 Rd8 22. Bxd6 Nxd6 23. Ng5 Ne4 24. Nxe4 dxe4 25. Qd4 Bc6 26. Qb6 Qxb6 27. Nxb6 Bd5 28. a5 Kf8 29. a6 Ke7 30. Rc7+ Kd6 31. Rxf7 Rb8 32. Nxd5 exd5 33. a7 Rb1+ 34. Kf2 Ra1 35. Rxg7 Kc5 36. Rc7+ Kb6 37. Rxh7 Ra2+ 38. Kg3 Ra3 39. Kg4 1-0


[Site "https://www.chess.com"]

[Event "Titled Tuesday Blitz June 14 Late 2022"]
[White "Zlatin, Alexander"]
[Black "Shirov, Alexei"]
[WhiteFideId "2810549"]
[BlackFideId "2209390"]
[WhiteElo "2228"]
[BlackElo "2678"]
[Result "0-1"]
[Round "01"]
[TimeControl "180+1"]
[Date "2022.06.14"]
[WhiteClock "0:00:39"]
[BlackClock "0:01:46"]

1. d4 d5 2. Nc3 Nf6 3. Bf4 Bf5 4. f3 e6 5. g4 Bg6 6. h4 h5 7. g5 Nfd7 8. e3 a6 9. Bd3 Bxd3 10. Qxd3 g6 11. e4 c6 12. Nge2 Bg7 13. O-O-O Nb6 14. Kb1 N8d7 15. b3 O-O 16. Bd6 Re8 17. Nf4 e5 18. Nfe2 exd4 19. Nxd4 c5 20. Nde2 d4 21. Nd5 Nxd5 22. exd5 Rc8 23. c4 dxc3 24. Nxc3 c4 25. Qd2 cxb3 26. Ne4 Rc2 27. Qd3 Rb2+ 28. Kc1 bxa2 0-1


[Site "https://www.chess.com"]

[Event "Titled Tuesday Blitz June 14 Late 2022"]
[White "Abdrlauf, Elham"]
[Black "Martinez Reyes, Pedro Ramon"]
[WhiteFideId "1533533"]
[BlackFideId "3901807"]
[WhiteElo "2403"]
[BlackElo "2410"]
[Result "1-0"]
[Round "02"]
[TimeControl "180+1"]
[Date "2022.06.14"]
[WhiteClock "0:00:05"]
[BlackClock "0:00:08"]

1. e4 e6 2. d4 d5 3. Nd2 Nf6 4. Bd3 c5 5. Ngf3 Nc6 6. exd5 exd5 7. O-O c4 8. Re1+ Be7 9. Bf1 O-O 10. b3 c3 11. Nb1 Ne4 12. Re3 f5 13. Nxc3 f4 14. Rxe4 dxe4 15. Nxe4 Bf5 16. Bd3 Nb4 17. Bb2 Qb6 18. c4 Rae8 19. Ne5 Kh8 20. a3 Nxd3 21. Qxd3 Bf6 22. Re1 Rd8 23. Qf3 h6 24. Nxf6 Rxf6 25. h3 Bc2 26. b4 Kh7 27. d5 a5 28. c5 Qb5 29. d6 axb4 30. axb4 Qxb4 31. Nd3 Bxd3 32. Qxd3+ Rg6 33. Re6 Qxb2 34. Qxg6+ Kh8 35. Re8+ Rxe8 36. Qxe8+ Kh7 37. d7 Qc1+ 38. Kh2 f3 39. d8=Q Qf4+ 40. g3 Qd4 41. Qxd4 1-0


[Site "https://www.chess.com"]

[Event "Titled Tuesday Blitz June 14 Late 2022"]
[White "Al Hosani, Omran"]
[Black "Chan, Kim Yew"]
[WhiteFideId "9308733"]
[BlackFideId "5717981"]
[WhiteElo "2236"]
[BlackElo "2206"]
[Result "0-1"]
[Round "02"]
[TimeControl "180+1"]
[Date "2022.06.15"]
[WhiteClock "0:00:03"]
[BlackClock "0:00:18"]

1. d4 Nf6 2. Bf4 e6 3. e3 c5 4. Nf3 Nc6 5. c3 d5 6. Bb5 Bd6 7. O-O O-O 8. Bg3 Ne7 9. Nbd2 b6 10. a4 Bb7 11. a5 a6 12. Be2 b5 13. Bxd6 Qxd6 14. dxc5 Qxc5 15. Nb3 Qd6 16. Qd4 Rac8 17. Rfd1 Rfd8 18. Qb6 Qxb6 19. axb6 Rd6 20. Na5 Rxb6 21. Nxb7 Rxb7 22. Rxa6 b4 23. h3 bxc3 24. bxc3 Rxc3 25. Nd4 g6 26. Nb5 Rb3 27. Nd6 R7b6 28. Ra8+ Kg7 29. Rd8 Nc6 30. Ra8 Ne5 31. Nc8 Rb8 32. Rda1 Rb1+ 33. Kh2 Rxa1 34. Rxb8 Ra2 35. f4 Ned7 36. Rb7 Rxe2 37. Nd6 Rxe3 38. g4 Re2+ 39. Kg1 Kf8 40. g5 Ke7 41. Nc8+ Kd8 42. Na7 Ne4 43. Nc6+ Kc8 44. Ra7 Rc2 45. Ne7+ Kd8 46. Ng8 d4 47. Nh6 d3 48. Nxf7+ Kc8 49. Kf1 d2 50. Ke2 Rc1 51. Nd6+ Nxd6 52. Ra8+ Kc7 0-1


[Site "https://www.chess.com"]

[Event "Titled Tuesday Blitz June 14 Late 2022"]
[White "Ambartsumova, Karina"]
[Black "Aravindh, Chithambaram VR."]
[WhiteFideId "4166299"]
[BlackFideId "5072786"]
[WhiteElo "2262"]
[BlackElo "2577"]
[Result "0-1"]
[Round "02"]
[TimeControl "180+1"]
[Date "2022.06.14"]
[WhiteClock "0:00:07"]
[BlackClock "0:00:05"]

1. d4 g6 2. Nf3 Bg7 3. g3 b6 4. Bg2 Bb7 5. O-O f5 6. c4 Nf6 7. Nc3 O-O 8. d5 Na6 9. Nd4 Nc5 10. b4 Nce4 11. Bb2 Nxc3 12. Bxc3 Ne4 13. Bb2 c5 14. dxc6 dxc6 15. Rb1 Qc8 16. Qc2 e5 17. Nb3 Ng5 18. c5 Ne6 19. Rbd1 Qc7 20. Rd6 Rae8 21. Qc4 b5 22. Qc2 Rf7 23. Rfd1 e4 24. Na5 Bxb2 25. Qxb2 Nxc5 26. Nxc6 Nd3 27. Qd4 Bxc6 28. exd3 Bb7 29. dxe4 Bxe4 30. Bxe4 fxe4 31. Qe3 Ref8 32. Qxe4 Rxf2 33. Rd7 Qb6 34. Qd5+ R2f7+ 35. Kg2 Qf2+ 36. Kh1 Qe2 37. Rxf7 Rxf7 38. Qd8+ Kg7 39. Qd4+ Rf6 40. Qd7+ Kg8 41. Qd5+ Rf7 42. Qd8+ Kg7 43. Qd4+ Kh6 44. Qd2+ Qxd2 45. Rxd2 Rc7 46. Kg2 Rc4 47. Rb2 Rd4 48. Kf3 Rc4 49. Kg2 Kg5 50. Kf3 h5 51. h4+ Kf5 52. Rb3 Ke5 53. Ra3 Rc7 54. Ra5 Kd4 55. Rxb5 Kc4 56. Rg5 Rf7+ 57. Kg2 Rf6 58. Ra5 a6 59. a3 Re6 60. Kh3 Rd6 61. Re5 Kb3 62. Re3+ Ka4 63. g4 Rd4 64. gxh5 gxh5 65. Kg3 Rg4+ 66. Kh3 Rc4 67. Rf3 Rd4 68. Re3 Rc4 69. Rf3 Re4 70. Re3 Rxe3+ 71. Kg2 Rxa3 72. Kf2 Rb3 73. Kg2 Kxb4 74. Kf2 a5 0-1


[Site "https://www.chess.com"]

[Event "Titled Tuesday Blitz June 14 Late 2022"]
[White "Ansh M Shah"]
[Black "Chiu, Isaac"]
[WhiteFideId "25033379"]
[BlackFideId "30900654"]
[WhiteElo "1819"]
[BlackElo "2117"]
[Result "1/2-1/2"]
[Round "02"]
[TimeControl "180+1"]
[Date "2022.06.15"]
[WhiteClock "0:00:12"]
[BlackClock "0:00:16"]

1. d4 d5 2. c4 c6 3. cxd5 cxd5 4. Nc3 Nf6 5. Bf4 a6 6. Nf3 Nc6 7. e3 Bg4 8. Rc1 e6 9. Qb3 Bb4 10. Ne5 Qa5 11. Nxc6 bxc6 12. a3 Bxc3+ 13. Qxc3 Qxc3+ 14. Rxc3 Kd7 15. Bd3 Bf5 16. Be2 Ne4 17. Rc1 g5 18. Bg3 Nxg3 19. hxg3 a5 20. Kd2 Rab8 21. Kc3 Rb6 22. b4 Rhb8 23. Bd3 axb4+ 24. axb4 Bxd3 25. Kxd3 Rxb4 26. Rxh7 Rb3+ 27. Kd2 Rb2+ 28. Rc2 Ke7 29. g4 Rxc2+ 30. Kxc2 c5 31. dxc5 Rc8 32. Kd3 Rxc5 33. Rh5 Kf6 34. Rh6+ Kg7 35. Rh1 Rc4 36. f3 Ra4 37. g3 Ra2 38. f4 Rg2 39. Rh3 Kg6 40. e4 Kf6 41. exd5 exd5 42. Ke3 gxf4+ 43. Kxf4 Re2 44. g5+ Kg7 45. Rh1 Re4+ 46. Kf5 Rd4 47. Ra1 Rd2 48. Ra7 d4 49. Rd7 d3 50. Ke4 Kg6 51. Rxd3 Rxd3 52. Kxd3 Kxg5 53. Ke3 Kg4 54. Kf2 f5 55. Kg2 f4 56. gxf4 Kxf4 1/2-1/2


[Site "https://www.chess.com"]

[Event "Titled Tuesday Blitz June 14 Late 2022"]
[White "Araujo Sanchez, Josue"]
[Black "Pace, Christopher"]
[WhiteFideId "6416896"]
[BlackFideId "2610167"]
[WhiteElo "2339"]
[BlackElo "2395"]
[Result "1-0"]
[Round "02"]
[TimeControl "180+1"]
[Date "2022.06.15"]
[WhiteClock "0:00:05"]
[BlackClock "0:00:12"]

1. e4 e5 2. Nf3 Nc6 3. Bb5 a6 4. Ba4 Nf6 5. Qe2 b5 6. Bb3 Be7 7. O-O O-O 8. c3 d6 9. h3 Na5 10. Bc2 c5 11. Rd1 Qc7 12. d4 cxd4 13. cxd4 Nc6 14. d5 Nb4 15. Bb3 a5 16. a3 Na6 17. Nc3 Nc5 18. Nxb5 Qb8 19. Bc2 Ncxe4 20. a4 Nc5 21. Be3 Nfd7 22. Ng5 h6 23. h4 hxg5 24. hxg5 g6 25. Ra3 Kg7 26. f4 Qb6 27. Bf2 Re8 28. Rh3 exf4 29. Bd4+ Ne5 30. Bxe5+ dxe5 31. Qxe5+ f6 32. gxf6+ Qxf6 33. Qxf6+ Bxf6 34. Rf3 Bg4 35. Nc7 Bxf3 36. Nxe8+ Rxe8 37. gxf3 Bxb2 38. d6 Re2 39. d7 Nxd7 40. Rxd7+ Kh6 41. Be4 Ba3 42. Rc7 Bd6 43. Rc6 Rd2 44. Ra6 Rd4 45. Rxa5 g5 46. Bf5 Kh5 47. Bg4+ Kh4 48. Ra8 Kg3 49. Kf1 Bb4 50. Rh8 Rd1+ 51. Ke2 Rd2+ 52. Kf1 Rd1+ 53. Ke2 Rd2+ 54. Kf1 Rf2+ 55. Kg1 Rxf3 56. Bxf3 Kxf3 57. Rb8 Bc5+ 58. Kf1 g4 59. Rb3+ Be3 60. a5 g3 61. Rb2 Bf2 62. Rxf2+ gxf2 63. a6 Ke3 64. a7 1-0


[Site "https://www.chess.com"]

[Event "Titled Tuesday Blitz June 14 Late 2022"]
[White "Artemenko, Oleg"]
[Black "Terry, Renato"]
[WhiteFideId "14201798"]
[BlackFideId "3803457"]
[WhiteElo "2287"]
[BlackElo "2577"]
[Result "1-0"]
[Round "02"]
[TimeControl "180+1"]
[Date "2022.06.14"]
[WhiteClock "0:01:41"]
[BlackClock "0:01:19"]

1. d4 Nf6 2. Nc3 e6 3. Bf4 Bb4 4. e3 Nd5 5. Ne2 Nxf4 6. exf4 b6 7. a3 Be7 8. h3 Bb7 9. Qd2 a6 10. Ng3 b5 11. Nd1 c5 12. dxc5 Bxc5 13. Ne3 Qf6 14. O-O-O Bxa3 15. c3 Bc5 16. f5 O-O 17. Ng4 Qh4 18. f6 gxf6 19. Nh5 Kh8 20. Ngxf6 Qxf2 21. Qxf2 Bxf2 22. Bd3 h6 23. Kb1 Bb6 24. Rhf1 Bxg2 25. Rg1 Bxg1 26. Rxg1 Bf3 27. Rg7 1-0


[Site "https://www.chess.com"]

[Event "Titled Tuesday Blitz June 14 Late 2022"]
[White "Bilych, Olexiy"]
[Black "Yoo, Christopher Woojin"]
[WhiteFideId "14156504"]
[BlackFideId "30909694"]
[WhiteElo "2189"]
[BlackElo "2105"]
[Result "1/2-1/2"]
[Round "02"]
[TimeControl "180+1"]
[Date "2022.06.14"]
[WhiteClock "0:00:16"]
[BlackClock "0:00:11"]

1. e4 c5 2. Nf3 e6 3. d4 cxd4 4. Nxd4 Nc6 5. c4 Bb4+ 6. Nc3 Nf6 7. Nxc6 dxc6 8. Qxd8+ Kxd8 9. e5 Ne4 10. Bd3 Nxc3 11. a3 Ba5 12. Bd2 c5 13. Rc1 Bd7 14. Bxc3 Bxc3+ 15. Rxc3 Bc6 16. f3 Ke7 17. Kf2 Rhd8 18. Ke3 a5 19. b3 Ra6 20. Rb1 Rb6 21. g4 g5 22. Rb2 h5 23. h3 Rh8 24. Bf1 hxg4 25. fxg4 Rd8 26. Rb1 Rd4 27. Bd3 Bg2 28. Rg1 Bxh3 29. Be2 Rf4 30. Kd2 Rd4+ 31. Ke1 a4 32. b4 cxb4 33. axb4 Bxg4 34. Rxg4 Rxg4 35. Bxg4 Rxb4 36. Kd2 Rb2+ 37. Kc1 Rg2 38. Bf3 Rg3 39. Kb2 b6 40. Bc6 Rxc3 41. Kxc3 a3 42. Kb3 f6 43. exf6+ Kxf6 44. Kxa3 Ke5 45. Kb4 Kd4 46. Kb5 g4 47. Bg2 e5 48. Bf1 e4 49. Kxb6 g3 50. c5 e3 51. c6 g2 52. Bxg2 e2 53. c7 e1=Q 54. c8=Q Qb4+ 55. Kc7 Qe7+ 56. Kb8 Qd6+ 57. Ka8 Qa3+ 58. Kb8 Qd6+ 59. Ka7 Qc5+ 60. Qxc5+ Kxc5 1/2-1/2


[Site "https://www.chess.com"]